 Dungeon Crawl Stone Soup version 0.23-a0-642-g3120c2f (webtiles) character file.

53 GroovyGamera the Covered (level 3, -4/24 HPs)
             Began as a Gargoyle Fighter on Dec 30, 2018.
             Killed from afar by Sigmund (8 damage)
             ... with a magic dart
             ... on level 2 of the Dungeon.
             The game lasted 00:02:38 (1371 turns).

GroovyGamera the Covered (Gargoyle Fighter)         Turns: 1371, Time: 00:02:38

Health: -4/24      AC: 12    Str: 24    XL:     3   Next: 87%
Magic:  3/3        EV:  6    Int:  9    God:
Gold:   103        SH:  9    Dex:  9    Spells: 2/2 levels left

rFire    . . .     SeeInvis .   a - +0 war axe
rCold    . . .     Gourm    .   c - +0 shield
rNeg     + . .     Faith    .   k - +0 chain mail
rPois    ∞         Spirit   .   (no helmet)
rElec    +         Reflect  .   (no cloak)
rCorr    .         Harm     .   (no gloves)
MR       .....                  (no boots)
Stlth    ..........             (no amulet)
HPRegen  0.08/turn              (no ring)
MPRegen  0.08/turn              (no ring)

@: mighty
A: negative energy resistance 1, electricity resistance, unbreathing,
petrification resistance, rot immunity, AC +3
a: no special abilities


You were on level 2 of the Dungeon.
You were not hungry.

You visited 1 branch of the dungeon, and saw 2 of its levels.

You collected 103 gold pieces.

Inventory:

Hand Weapons
 a - a +0 war axe (weapon)
 p - a +0 falchion of slicing
 q - a +0 battleaxe
Missiles
 h - 5 bolts
 i - 26 sling bullets
Armour
 c - a +0 shield (worn)
 k - a +0 chain mail (worn)
Scrolls
 e - 4 scrolls of identify {unknown}
 l - a scroll of enchant armour {unknown}
 o - a scroll of teleportation {unknown}
Potions
 b - a potion of brilliance {unknown}
 j - a potion of ambrosia {unknown}
 m - a potion of curing {unknown}
 n - a potion of lignification {unknown}
Comestibles
 f - 6 rations
 g - a chunk of flesh


   Skills:
 + Level 4.0 Fighting
 - Level 1.7 Axes
 + Level 4.0 Armour
 + Level 4.0 Shields


You had 2 spell levels left.
You didn't know any spells.
Your spell library was empty.

Dungeon Overview and Level Annotations

Branches:
Dungeon (2/15)

Altars:

Annotations:
D:2 Sigmund


Innate Abilities, Weirdness & Mutations

You are resistant to torment.
Your stone body is resilient. (AC +3)
You are immune to poison.
You resist negative energy. (rN+)
You are resistant to electric shocks. (rElec)
You can survive without breathing.
You are immune to petrification.
You are immune to rotting.


Message History

You're too confused to move!
Something hits you but does no damage. Something hits you.
You bump into the rock wall.
Something hits you.
You closely miss something. Something hits you.
You barely miss something.
You feel less confused.
You hear some strange, mumbled words.
A puff of flame appears from out of thin air!
The puff of flame hits you!
* * * LOW HITPOINT WARNING * * *
Something hits you.
* * * LOW HITPOINT WARNING * * *
You slice something!! Something hits you but does no damage.
You miss something. Something hits you but does no damage.
You block something's attack.
You closely miss something.
You hear some strange, mumbled words.
A magic dart appears from out of thin air!
The magic dart hits you!
You die...

#.#....... .
#......... # #..w#.#
#...#.####.
#..........
#.#.#.#......
#............ .... ##
#.###.#############...
.# #.
#.w{@.........#..##.#
#
############.##...#.#
#.##...#.# #.##...#.#
#.##.#.#.# #........#
####.#.### #......#.#
########.###


You could see a worm.

Vanquished Creatures
  An adder (D:2)
  An ooze (D:1)
  A worm (D:2)
  A dart slug (D:1)
  2 leopard geckos (D:1)
  2 giant cockroaches (D:1)
  4 goblins
  3 hobgoblins
  4 jackals (D:2)
  A quokka (D:2)
  A ball python (D:1)
  A bat (D:1)
  2 frilled lizards (D:1)
  7 kobolds (D:1)
31 creatures vanquished.

Notes
Turn   | Place    | Note
-------+----------+-------------------------------------------
     0 | D:1      | GroovyGamera the Gargoyle Fighter began the quest for the
                  | Orb.
     0 | D:1      | Reached XP level 1. HP: 14/14 MP: 1/1
   109 | D:1      | Reached XP level 2. HP: 18/19 MP: 2/2
   646 | D:1      | Reached XP level 3. HP: 24/24 MP: 3/3
  1350 | D:2      | Noticed Sigmund
  1371 | D:2      | Killed from afar by Sigmund

Vault maps used:
D:1:      roderic_crop_circles_arrival_small
D:2:      nicolae_ru_path_of_blood, uniq_sigmund

Skill      XL: |  1  2  3 |
---------------+----------+-----
Fighting       | 4 |  4.0
Armour         | 4 |  4.0
Shields        | 4 |  4.0
Axes           | |  1.7

Action                   || total
-------------------------++-------
Melee: War axe           ||   107
  Use: Potion            ||     1
  Eat: Chunk             ||     2
Armor: Scale mail        ||    20
       Chain mail        ||    63
Dodge: Dodged            ||    34
Block: Shield            ||    63

Table legend:
 A = Non-vault XP
 B = Vault XP
 C = Vault XP percentage of total XP
 D = Non-vault monster count
 E = Vault monster count
 F = Vault count percentage of total count
                 A         B        C        D         E       F
            +---------+---------+-------+---------+---------+-------
      Total |      76 |       0 |   0.0 |      31 |       0 |   0.0
            +---------+---------+-------+---------+---------+-------
        D:1 |      42 |       0 |   0.0 |      21 |       0 |   0.0
        D:2 |      34 |       0 |   0.0 |      10 |       0 |   0.0
            +---------+---------+-------+---------+---------+-------
